 Dungeon Crawl Stone Soup version 0.29-a0-243-g602b31c20e (webtiles) character file.

Game seed: 8959991020783827392

19 Ajdolov the Insei (level 2, 0/18 HPs)
             Began as an Octopode Transmuter on Mar 4, 2022.
             Succumbed to an adder's poison
             ... on level 2 of the Dungeon.
             The game lasted 00:02:10 (1314 turns).

Ajdolov the Insei (Octopode Transmuter)             Turns: 1314, Time: 00:02:10

Health: 0/18       AC:  1    Str:  9    XL:     2   Next: 75%
Magic:  5/5        EV: 13    Int: 15    God:
Gold:   91         SH:  0    Dex: 12    Spells: 4/5 levels left

rFire   . . .      SeeInvis .   b - +1 dagger (elec)
rCold   . . .      Faith    .   (no shield)
rNeg    . . .      Spirit   .   (helmet restricted)
rPois   .          Reflect  .   (no amulet)
rElec   .          Harm     .   (no ring)
rCorr   .          Rampage  .   (no ring)
Will    .....                   (no ring)
Stlth   ++........              (no ring)
HPRegen 0.06/turn               (no ring)
MPRegen 0.09/turn               (no ring)
                                (no ring)
                                (no ring)

@: lethally poisoned (0 -> -2), hasted, very quick
A: almost no armour, amphibious, 8 rings, camouflage 1, gelatinous body 1,
(nimble swimmer 1), tentacles
a: no special abilities


You were on level 2 of the Dungeon.
You visited 1 branch of the dungeon, and saw 2 of its levels.

You collected 91 gold pieces.

Inventory:

Hand Weapons
 b - a +1 dagger of electrocution (weapon)
Jewellery
 c - an amulet of guardian spirit
Scrolls
 a - a scroll of noise {unknown}
 d - a scroll of fear {unknown}
 g - a scroll of summoning {unknown}
 h - a scroll of blinking {unknown}
 i - a scroll of vulnerability {unknown}
Potions
 e - 2 potions of haste
 f - 2 potions of resistance {unknown}


   Skills:
 + Level 1.6 Fighting
 - Level 2.0 Dodging
 * Level 3.6 Unarmed Combat
 - Level 2.0 Spellcasting
 - Level 2.0 Transmutations


You had 4 spell levels left.
You knew the following spells:

 Your Spells              Type           Power      Damage    Failure   Level
a - Beastly Appendage     Tmut           14%        N/A       10%         1

Your spell library contained the following spells:

 Spells                   Type           Power      Damage    Failure   Level
 Wereblood                Tmut           7%         N/A       14%         2
 Spider Form              Tmut/Pois      4%         N/A       41%         3
 Ice Form                 Ice/Tmut       4%         N/A       82%         4


Dungeon Overview and Level Annotations

Branches:
Dungeon (2/15)

Altars:


Innate Abilities, Weirdness & Mutations

You cannot wear most types of armour.
You are amphibious.
You can wear up to eight rings at the same time.
Your skin changes colour to match your surroundings (Stealth+).
Your rubbery body absorbs attacks. (AC +1, EV +1)
((You are camouflaged when in or above water. (Stealth+)))
You have tentacles for arms and can constrict up to eight enemies at once.


Message History

A hobgoblin comes into view.
The hobgoblin shouts!
A hobgoblin is nearby!
You hit the hobgoblin but do no damage. You grab the hobgoblin.
You constrict the hobgoblin. The hobgoblin closely misses you.
You hit the hobgoblin.
You kill the hobgoblin!
No target in view!
Things that are here:
20 stones; a hobgoblin corpse
Things that are here:
20 stones; a hobgoblin corpse A kobold comes into view.
It is wielding a +0 short sword.
An adder comes into view.
The kobold shouts!
The adder hisses angrily.
The kobold hits you with a +0 short sword.
You barely miss the kobold. You grab the kobold.
You constrict the kobold, but do no damage.
A jackal comes into view.
The kobold hits you with a +0 short sword.
You are too injured to fight recklessly!
You release your grip on the kobold.
The adder bites you.
You are lethally poisoned!
The adder poisons you!
* * * LOW HITPOINT WARNING * * *
You feel sick.
You barely miss the kobold. You grab the kobold. You constrict the kobold.
* * * LOW HITPOINT WARNING * * *
You feel sick.
The kobold hits you with a +0 short sword.
* * * LOW HITPOINT WARNING * * *
The jackal completely misses you.
You release your grip on the kobold.
* * * LOW HITPOINT WARNING * * *
You feel sick.
* * * LOW HITPOINT WARNING * * *
You feel sick. The jackal misses you.
It was a potion of haste.
You feel yourself speed up.
You die...

.. #.. ... ... #..##
#.### .... #..##
#...#
...##...###...#
...............#
#####.#.#.#.#..#
#......K..#.#(.#
.......h###.#..#
#####...@..†...#
#...###.##.# #...#
#.#..# #...# #.##.#
####...###....#.#
#...^...........#
#.##.############
#...†..........#
####.#########.#####


You could see a jackal and a kobold.

Vanquished Creatures
  2 ball pythons (D:2)
  2 goblins (D:1)
  2 hobgoblins
  2 jackals (D:1)
  3 kobolds (D:1)
  A quokka (D:2)
  A bat (D:1)
  2 frilled lizards
  2 rats (D:1)
17 creatures vanquished.

Notes
Turn   | Place    | Note
-------+----------+-------------------------------------------
     0 | D:1      | Ajdolov the Octopode Transmuter began the quest for the
                  | Orb.
     0 | D:1      | Reached XP level 1. HP: 13/13 MP: 3/3
   470 | D:1      | Reached XP level 2. HP: 18/18 MP: 5/5
  1314 | D:2      | Succumbed to an adder's poison

Illustrated notes

Levels and vault maps discovered:
D:1:      evilmike_arrival_crescent, layout_loops_ring, grunt_decor_arrowhead,
          chequers_serial_rivers_micro_b
D:2:      minmay_kobold_bridge, layout_basic, minmay_cupped

Action                   || total
-------------------------++-------
Melee: Unarmed           ||    11
       Dagger            ||    30
       Constrict         ||    11
       Punch             ||     3
       Tentacles         ||     1
 Cast: Beastly Appendage ||     1
  Use: Potion            ||     1
 Stab: Sleeping          ||     2
Armor: Skin              ||     4
Dodge: Dodged            ||    26

Table legend: (Time is in decaauts)
 A = Elapsed time spent in this place.
 B = Non-inter-level travel time spent in this place.
 C = Inter-level travel time spent in this place.
 D = Time resting spent in this place.
 E = Time spent auto-exploring this place.
 F = Levels seen in this place.
 G = Mean time per level.
                   A        B        C        D        E       F      G
               +--------+--------+--------+--------+--------+-----+--------+
         Total |   1312 |   1272 |     40 |    135 |    879 |   2 |  656.0 |
       Dungeon |   1312 |   1272 |     40 |    135 |    879 |   2 |  656.0 |
               +--------+--------+--------+--------+--------+-----+--------+

Top non-repeatable levels by time:
     D:1: 1161 daAuts
     D:2: 151 daAuts
